 Dungeon Crawl Stone Soup version 0.20.2-3-g29329e0561 (webtiles) character file.

132 Alfie the Skirmisher (level 5, -11/46 HPs)
             Began as a Hill Orc Fighter on Jan 25, 2023.
             Mangled by a worm (13 damage)
             ... on level 3 of the Dungeon.
             The game lasted 00:06:06 (1663 turns).

Alfie the Skirmisher (Hill Orc Fighter)             Turns: 1663, Time: 00:06:07

Health: -11/46     AC:  8    Str: 20    XL:     5   Next: 15%
Magic:  5/5        EV:  7    Int:  8    God:
Gold:   126        SH:  9    Dex: 10    Spells: 4/4 levels left

rFire    . . .     SeeInvis .   a - +1 rapier
rCold    . . .     Gourm    .   c - +0 shield
rNeg     . . .     Faith    .   b - +0 scale mail
rPois    .         Spirit   .   (no helmet)
rElec    .         Reflect  .   (no cloak)
rCorr    .         Harm     .   q - +0 pair of gloves
MR       .....                  (no boots)
Stlth    ..........             (no amulet)
Regen    0.2/turn               (no ring)
MPRegen  0.1/turn               (no ring)

@: no status effects
A: no striking features
a: no special abilities


You were on level 3 of the Dungeon.
You were not hungry.

You visited 1 branch of the dungeon, and saw 3 of its levels.

You collected 126 gold pieces.

Inventory:

Hand Weapons
 a - a +1 rapier (weapon)
Missiles
 k - 5 tomahawks (quivered)
Armour
 b - a +0 scale mail (worn)
 c - a +0 shield (worn)
 q - a +0 pair of gloves (worn)
Jewellery
 h - a +4 ring of protection {unknown}
 t - a cursed ring of teleportation {unknown}
Wands
 u - a wand of acid (11/15)
Scrolls
 l - a scroll of amnesia {unknown}
 m - 3 scrolls of identify {unknown}
 o - a scroll of fog {unknown}
 p - 2 scrolls of magic mapping
 r - a scroll of teleportation {unknown}
 s - 2 scrolls of remove curse {unknown}
Potions
 d - 2 potions of might
 e - a potion of flight {unknown}
 i - a potion of ambrosia {unknown}
 n - a potion of agility {unknown}
 v - a potion of haste {unknown}
Comestibles
 f - 5 bread rations
 g - 2 meat rations
 j - 2 royal jellies


   Skills:
 + Level 4.2 Fighting
 + Level 3.5 Short Blades
 + Level 0.5 Throwing
 + Level 4.0 Armour
 + Level 0.5 Dodging
 + Level 0.1 Stealth
 + Level 3.9 Shields


You had 4 spell levels left.
You didn't know any spells.

Dungeon Overview and Level Annotations

Branches:
Dungeon (3/15)

Altars:
Ashenzari
Fedhas
Ru
Trog


Message History

A worm is nearby!
Found a hand axe.
You block the worm's attack. The worm bites you!
The moth of wrath goads the worm on!
The worm goes berserk!
You barely miss the worm. You block the worm's attack.
You hit the worm.
The worm is lightly wounded.
You block the worm's attack.
You hit the worm.
The worm is moderately wounded.
The worm bites you!
* * * LOW HITPOINT WARNING * * *
Your shield and scale mail prevent you from hitting the worm.
The worm is moderately wounded.
The worm bites you.
* * * LOW HITPOINT WARNING * * *
You puncture the worm!
The worm is heavily wounded.
The worm bites you!
You die...

#...........######..........
##########...).....#########
#..################ #..#
##....... #..# ######...####.
#..# #............. ######
#...##...##### **##***
##....###...###.######
.,,...****##....@..##............
##**..,,,,#.....w...##.....#####.
*#.#***#....#...)##.....# #.
##.#####...###...)#.###.## #.
####...#..†...#y#._..#......####.
..#......##...###....#.#.#.......
.........##....#...)####.#..####.
..#.....###.........####.........
..#.......##......)##...........(


You could see a moth of wrath and a worm (berserk).

Vanquished Creatures
  4 adders
  An adder skeleton (D:3)
  5 worms
  5 dart slugs
  A leopard gecko (D:2)
  An orc (D:3)
  6 bats
  7 giant cockroaches
  2 goblins
  11 hobgoblins
  6 jackals
  A quokka (D:3)
  6 frilled lizards
  4 kobolds
  5 rats
65 creatures vanquished.

Notes
Turn   | Place    | Note
-------+----------+-------------------------------------------
     0 | D:1      | Alfie the Hill Orc Fighter began the quest for the Orb.
     0 | D:1      | Reached XP level 1. HP: 19/19 MP: 1/1
   108 | D:1      | Reached XP level 2. HP: 21/27 MP: 2/2
   516 | D:2      | Reached XP level 3. HP: 33/33 MP: 3/3
   564 | D:2      | Found a sacrificial altar of Ru.
   736 | D:2      | Reached XP level 4. HP: 40/40 MP: 4/4
   824 | D:2      | Found a shattered altar of Ashenzari.
  1108 | D:3      | Found a blossoming altar of Fedhas.
  1407 | D:3      | Reached XP level 5. HP: 44/46 MP: 5/5
  1615 | D:3      | Noticed a moth of wrath
  1619 | D:3      | Found a bloodstained altar of Trog.
  1662 | D:3      | HP: 2/46 [worm (4)]
  1663 | D:3      | Mangled by a worm

Skill      XL: |  1  2  3  4 |
---------------+-------------+-----
Fighting       | 4 |  4.2
Short Blades   | 3 |  3.5
Armour         | 4 |  4.0
Throwing       | |  0.5
Dodging        | |  0.5
Stealth        | |  0.1
Shields        | |  3.9

Action                   |  1- 3 |  4- 6 || total
-------------------------+-------+-------++-------
Melee: Rapier            |   111 |   118 ||   229
Throw: Tomahawk          |     8 |     7 ||    15
  Use: Scroll            |       |     2 ||     2
  Eat: Bread ration      |       |     1 ||     1
Armor: Scale mail        |    62 |    49 ||   111
Dodge: Dodged            |    37 |    23 ||    60
Block: Shield            |    57 |    67 ||   124
